 Dungeon Crawl Stone Soup version 0.21.1-1-g345015fe64 (webtiles) character file.

147 KingHarkinian the Magician (level 5, -5/24 HPs)
             Began as a Spriggan Conjurer on Apr 15, 2018.
             Was an Initiate of Yredelemnul.
             Killed by divine providence
             ... invoked by an orc priest
              (12 damage)
             ... on level 4 of the Dungeon.
             The game lasted 00:21:43 (3678 turns).

KingHarkinian the Magician (Spriggan Conjurer)      Turns: 3678, Time: 00:21:44

Health: -5/24      AC:  2    Str:  4    XL:     5   Next: 7%
Magic:  11/13      EV: 18    Int: 17    God:    Yredelemnul [......]
Gold:   117        SH:  0    Dex: 17    Spells: 8/14 levels left

rFire    . . .     SeeInvis +   n - +3 dagger
rCold    . . .     Gourm    .   (shield restricted)
rNeg     . . .     Faith    .   a - +0 robe
rPois    .         Spirit   .   (helmet restricted)
rElec    .         Reflect  .   (no cloak)
rCorr    .         Harm     .   (gloves unavailable)
MR       .....                  (boots unavailable)
Stlth    ++........             (no amulet)
HPRegen  0.08/turn              (no ring)
MPRegen  0.13/turn              (no ring)

@: very quick
A: very small, unfitting armour, see invisible, herbivore, speed 3, slow
metabolism 2
a: Renounce Religion


You were on level 4 of the Dungeon.
You worshipped Yredelemnul.
Yredelemnul was noncommittal.
You were not hungry.

You visited 1 branch of the dungeon, and saw 4 of its levels.

You collected 117 gold pieces.


Innate Abilities, Weirdness & Mutations

You are very small and have problems with some larger weapons.
You are too small for most types of armour.
You have supernaturally acute eyesight. (SInv)
You are a herbivore.
You cover ground extremely quickly.
You need consume almost no food.


   Skills:
 - Level 3.0 Dodging
 - Level 3.0 Stealth
 + Level 5.0 Spellcasting
 + Level 4.0 Conjurations


You had 8 spell levels left.
You knew the following spells:

 Your Spells              Type           Power        Failure   Level  Hunger
a - Magic Dart            Conj           ###.         2%          1    None
b - Searing Ray           Conj           ###...       4%          2    #......
c - Dazzling Spray        Conj/Hex       ##....       19%         3    ###....

Inventory:

Hand Weapons
 n - a +3 dagger (weapon)
Missiles
 f - 172 stones
 t - 2 tomahawks (quivered)
Armour
 a - a +0 robe (worn)
Scrolls
 d - a scroll of teleportation {unknown}
 j - a scroll of remove curse
 l - 2 scrolls of enchant weapon {unknown}
 p - 2 scrolls of random uselessness {unknown}
 r - a scroll of fog {unknown}
 s - a scroll of amnesia {unknown}
 u - a scroll of fear {unknown}
Potions
 e - 3 potions of agility
 g - 3 potions of berserk rage {!q}
 i - a potion of heal wounds {@q2}
 k - 3 potions of curing {@q1}
 m - a potion of degeneration {!q}
 o - 2 potions of brilliance
 q - a potion of cancellation
Books
 b - a book of Conjurations

   Spells                             Type                      Level
   a - Magic Dart                     Conjuration                  1
   b - Searing Ray                    Conjuration                  2
   c - Dazzling Spray                 Conjuration/Hexes            3
   d - Fulminant Prism                Conjuration/Hexes            4
   e - Force Lance                    Conjuration/Translocation    4
   f - Iskenderun's Mystic Blast      Conjuration                  4
Comestibles
 c - 6 rations

Dungeon Overview and Level Annotations

Branches:
Dungeon (4/15)
 Temple: D:4-7

Altars:
Ashenzari
Okawaru
Yredelemnul

Annotations:
D:3 Crazy Yiuf; Dickchan's ghost, amateur KoEn

.......##.#
.#.....#.#
#..o..!..##
#.o.)......
........
.o!..#
#...# ##
#.#
##...###@#
#......<.#
##...##..#
## #....
...###
###.# #..
#.# .#


You could see 2 orc priests and an orc wizard.


Message History

Found an inky potion.
There is a stone staircase leading up here.
Aiming: Searing Ray
Aim: a worker ant (resting)
Okay, then.
You climb upwards.
Level annotation: Crazy Yiuf; Dickchan's ghost, amateur KoEn
There is a stone staircase leading down here.
There is a stone staircase leading down here.
You climb downwards.
Found 4 gold pieces, an inky potion, a whip and a potion of curing.
There is a stone staircase leading up here. 2 orc priests and an orc wizard come into view.
You see here 4 gold pieces.
Aiming: Searing Ray
Aim: an orc wizard, wielding a dagger and wearing a robe The searing ray hits the orc wizard.
The orc wizard is heavily wounded. (Press . to maintain the ray.)
The orc priest shouts!
The orc priest calls down the wrath of Beogh upon you.
Beogh smites you!
Ouch! That really hurt!
* * * LOW HITPOINT WARNING * * *
You hear an angry hiss.
The orc priest mumbles some strange prayers to Beogh against you.
Beogh smites you!
Ouch! That really hurt!
You die...
Your body rises from the dead as a mindless zombie.

Action                   |  1- 3 |  4- 6 || total
-------------------------+-------+-------++-------
Melee: Dagger            |    13 |       ||    13
Throw: Stone             |    23 |       ||    23
       Tomahawk          |       |     1 ||     1
 Cast: Magic Dart        |   130 |    59 ||   189
       Searing Ray       |       |     1 ||     1
  Use: Scroll            |       |     8 ||     8
Armor: Robe              |     1 |     2 ||     3
Dodge: Dodged            |    11 |    19 ||    30

Vault maps used:
D:1:      lightli_arrival_windingriver, minivault_25
D:2:      lemuel_zombie_altar_yredelemnul, first_ration
D:3:      okawaru_altar_gauntlet_db, ashenzari_altar_1, uniq_crazy_yiuf_cottage,
          uniq_robin, uniq_jessica
D:4:      minmay_vboxes, uniq_blork_the_orc

Notes
Turn   | Place    | Note
-------+----------+-------------------------------------------
     0 | D:1      | KingHarkinian the Spriggan Conjurer began the quest for the Orb.
     0 | D:1      | Reached XP level 1. HP: 9/9 MP: 5/5
    72 | D:1      | Reached skill level 3 in Conjurations
   239 | D:1      | Reached skill level 3 in Spellcasting
   339 | D:1      | Reached XP level 2. HP: 11/13 MP: 4/7
  1419 | D:2      | Reached XP level 3. HP: 16/16 MP: 1/9
  1964 | D:2      | Reached skill level 4 in Spellcasting
  2258 | D:2      | Found a basalt altar of Yredelemnul.
  2266 | D:2      | Became a worshipper of Yredelemnul the Dark
  2456 | D:3      | Reached XP level 4. HP: 21/21 MP: 3/11
  2600 | D:3      | Noticed Robin
  2605 | D:3      | Killed Robin
  2738 | D:3      | Noticed Jessica
  2745 | D:3      | Killed Jessica
  2891 | D:3      | Found a shattered altar of Ashenzari.
  3260 | D:3      | Reached XP level 5. HP: 21/24 MP: 8/13
  3267 | D:3      | Reached skill level 4 in Conjurations
  3269 | D:3      | Reached skill level 5 in Spellcasting
  3354 | D:3      | Found an iron altar of Okawaru.
  3447 | D:3      | Found a runed door.
  3628 | D:3      | Learned a level 2 spell: Searing Ray
  3632 | D:3      | Learned a level 3 spell: Dazzling Spray
  3632 | D:3      | Noticed Crazy Yiuf
  3632 | D:3      | Noticed Dickchan's ghost (amateur KoEn)
  3678 | D:4      | Killed from afar by an orc priest

Vanquished Creatures
  Jessica (D:3)
  Robin (D:3)
  A gnoll (D:3)
  An adder (D:2)
  An ooze (D:3)
  3 worms (D:2)
  2 dart slugs (D:2)
  A leopard gecko (D:1)
  An orc (D:3)
  A ball python (D:1)
  3 giant cockroaches
  18 goblins
  7 hobgoblins
  3 quokkas
  3 bats
  5 frilled lizards
  2 gnoll zombies (D:2)
  11 kobolds
  5 rats
70 creatures vanquished.
